Description

x

Replay - dream_claasic_game_1

Build Order

Get SALT Encoding   

  12  0:00  Probe  
  13  0:12  Probe  
  14  0:17  Pylon  
  14  0:24  Probe  
  15  0:36  Gateway  
  15  0:37  Probe (Chrono Boost)  
  16  0:48  Probe x2 (Chrono Boost)  
  17  0:52  Pylon  
  18  0:59  Assimilator  
  18  1:04  Probe  
  19  1:11  Gateway  
  19  1:16  Probe  
  20  1:24  Cybernetics Core  
  20  1:28  Probe  
  21  1:32  Assimilator  
  21  1:40  Probe  
  23  1:59  Stalker (Chrono Boost)  
  23  2:06  Warp Gate  
  28  2:08  Pylon, Adept (Chrono Boost)  
  28  2:21  Stalker  
  30  2:40  Nexus  
  30  2:48  Stalker  
  32  2:59  Stargate  
  33  3:11  Stalker  
  35  3:39  Pylon  
  35  3:45  Phoenix (Chrono Boost)  
  39  4:01  Phoenix (Chrono Boost)  
  40  4:09  Stalker x2  
  48  4:24  Phoenix (Chrono Boost)  
  49  4:36  Zealot  
  53  4:39  Stalker  
  56  4:59  Stalker x2  
Spawning Tool Build Advisor. Get it on Overwolf

Analysis

x

Go to:

Details

  • Created by: charles5
  • Published on: Dec 17, 2021
  • Modified on: Dec 17, 2021
  • Patch: 4.11.0
  • Difficulty: Hard
Show
View Real Time Build Order
Export as new Build Order

Comments (0)

There are no comments. Be the first!

Create an account to comment!